Cogmind - Beta 11 X5 @@@ ROGUE MODE // 2021.07.08 @ 15:34:41 Player: AlmondRoll Result: Destroyed by Y-64 Sentinel with KE Penetrator Performance ------------- Evolutions (5) 2500 Regions Visited (16) 3200 Robots Destroyed (168) 840 Value Destroyed (5553) 5553 Prototype IDs (53) 1060 Alien Tech Used (0) 0 Bonus (624) 624 TOTAL SCORE: 13777 Bonus ------- High Alert Combat Kills 219 Follower Combat Kills 324 Aligned with FarCom 300 Met Data Miner 300 Friendly Fire -519 Cogmind --------- Core Integrity 0/1000 Matter 300/300 Energy 100/100 System Corruption 13% Temperature Cool (9) Movement Core (50) Location -5/Upper Caves Parts ------- > --- POWER (3) -------- (None) > --- PROPULSION (2) --- (None) > --- UTILITY (10) ----- Enhanced Optical Array Experimental Terrain Scan Processor Experimental Target Analyzer > --- WEAPON (2) ------- (None) > --- INVENTORY (5) ---- Advanced System Shield Peak State ------------ > --- POWER ------------ Improved Deuterium Engine Micro Nuclear Core Micro Nuclear Core > --- PROPULSION ------- Armored Huge Wheel > --- UTILITY ---------- Advanced Heat Sink Advanced Heat Sink Humpback Enhanced Optical Array Advanced Terrain Scanner Experimental Terrain Scan Processor Improved Particle Charger Improved Thermal Shield Drone Bay > --- WEAPON ----------- Compact Ion Cannon Compact Ion Cannon > --- INVENTORY -------- Light Nuclear Core Armored Huge Wheel Armored Huge Wheel Advanced Power Amplifier Advanced Heat Sink Advanced Heat Sink Advanced Heat Sink Advanced Weight Redist. System Experimental Target Analyzer Precision Matter Filter Weapon Cycler Weapon Cycler Improved Transmission Jammer Hardened Medium Armor Plating Layered Medium Armor Plating Layered Medium Armor Plating Hacking Suite Advanced System Shield Long-range Tractor Beam Mobile Refinery Mk. CCLXVII Hacking Drone Bay Core Expander Wave Gun Improved EM Pulse Cannon Proton Cannon Proton Cannon Proton Cannon Compact Ion Cannon Heavy Rocket Launcher Enhanced Flamer Plasma Flamer Self-destruct Interrupter Self-destruct Interrupter [Rating: 96] Favorites ----------- Power Reinforced Deuterium Engine Engine Reinforced Deuterium Engine Power Core Enhanced Nuclear Core Reactor Light Antimatter Reactor Propulsion Armored Huge Wheel Leg Aluminum Leg Wheel Armored Huge Wheel Utility Advanced Heat Sink Device Advanced Heat Sink Storage Humpback Processor Experimental Terrain Scan Processor Hackware Hacking Suite Protection Improved Medium Armor Plating Weapon Compact Ion Cannon Energy Gun Advanced Beam Rifle Energy Cannon Compact Ion Cannon Ballistic Gun Light Assault Rifle Ballistic Cannon Bore Cannon Launcher Missile Launcher Special Weapon Enhanced Flamer Impact Weapon Powered Hammer Slashing Weapon Katana Piercing Weapon Makeshift Spear Build | -11 -10 -10 -10 -9 -8 -7 -7 -7 -6 -6 -6 -6 -6 -5 -5 -5 ------- Run | Scr Mat Min Exi Min Mat Fac Low Zio Pro Fac Low Low Dat Pro Fac Upp Slots Evolved 10 | . . . . . 4 2 . . . 2 . . . . 2 . Power 2 | . . . . . 1 1 . . . . . . . . . . Propulsion . | . . . . . . . . . . . . . . . . . Utility 8 | . . . . . 3 1 . . . 2 . . . . 2 . Weapon . | . . . . . . . . . . . . . . . . . Parts Attached 314 | 2 14 . 4 3 38 65 2 27 14 39 20 14 1 27 36 8 Power 31 | . 1 . 2 1 2 8 . . 2 2 1 2 . 5 4 1 Engine 13 | . 1 . 2 1 . 1 . . 1 1 . 1 . 3 1 1 Core 17 | . . . . . 2 7 . . . 1 1 1 . 2 3 . Reactor 1 | . . . . . . . . . 1 . . . . . . . Propulsion 23 | 2 4 . . . 4 5 . 3 1 . . 1 . . 1 2 Treads . | . . . . . . . . . . . . . . . . . Leg 1 | . . . . . . . . . . . . . . . . 1 Wheel 22 | 2 4 . . . 4 5 . 3 1 . . 1 . . 1 1 Hover . | . . . . . . . . . . . . . . . . . Flight . | . . . . . . . . . . . . . . . . . Utility 182 | . 3 . 2 . 14 42 2 16 2 32 17 9 1 16 23 3 Device 129 | . 1 . 1 . 9 26 2 8 1 25 13 7 . 14 19 3 Storage 6 | . 2 . 1 . . 2 . . . . 1 . . . . . Processor 12 | . . . . . 1 3 . 5 . 1 1 . . . 1 . Hackware 5 | . . . . . . 4 . . . 1 . . . . . . Protection 30 | . . . . . 4 7 . 3 1 5 2 2 1 2 3 . Artifact . | . . . . . . . . . . . . . . . . . Weapon 78 | . 6 . . 2 18 10 . 8 9 5 2 2 . 6 8 2 Energy Gun 20 | . 2 . . . 3 4 . 4 5 . . . . 2 . . Energy Cannon 34 | . 3 . . 1 8 5 . 2 . 5 1 1 . 2 6 . Ballistic Gun . | . . . . . . . . . . . . . . . . . Ballistic Cannon 2 | . . . . 1 1 . . . . . . . . . . . Launcher 18 | . 1 . . . 6 1 . . 4 . 1 1 . 2 2 . Special Weapon 1 | . . . . . . . . . . . . . . . . 1 Impact Weapon 1 | . . . . . . . . . . . . . . . . 1 Slashing Weapon 1 | . . . . . . . . 1 . . . . . . . . Piercing Weapon 1 | . . . . . . . . 1 . . . . . . . . Special Melee Weapon . | . . . . . . . . . . . . . . . . . Unidentified Prototypes 14 | . . . . . 2 1 . 7 . 1 . . . 2 1 . Corrupted Parts 8 | . 1 . . 1 1 . . 1 1 . 1 . . 2 . . System Corruption 37 | . 1 . . 7 3 . . 7 6 . 8 . . 5 . . Parts Lost 62 | . . . . . 5 2 . . 2 4 3 5 . 2 30 9 Power 16 | . . . . . 2 2 . . 1 1 . 1 . 2 7 . Propulsion 7 | . . . . . 1 . . . 1 . . 1 . . 1 3 Utility 23 | . . . . . . . . . . 1 2 3 . . 13 4 Weapon 14 | . . . . . 2 . . . . 2 1 . . . 7 2 Highest Loss Streak 24 | . . . . . 5 2 . . 1 2 3 5 . 1 24 9 Average Slot Usage (%) 84 | . 97 100 90 85 84 84 83 78 83 85 85 85 86 85 86 37 Engine 9 | . 14 14 14 14 6 3 7 7 13 13 13 12 13 10 3 . Core 9 | . . . . . 9 18 15 15 7 6 6 5 6 7 12 . Wheel 10 | . 28 28 28 28 15 8 7 6 7 6 6 6 6 6 5 3 Device 19 | . 11 14 4 . 13 12 7 26 23 27 23 19 20 17 32 10 Storage 7 | . 14 14 13 14 9 7 7 7 7 6 6 6 6 6 4 . Processor 7 | . . . . . 9 13 15 1 . 6 8 13 13 13 11 17 Protection 3 | . . . . . 4 2 6 1 7 3 5 6 6 8 1 . Energy Gun 5 | . 13 14 14 14 8 8 6 2 13 1 . . . 4 . . Energy Cannon 7 | . 10 14 14 14 8 5 6 1 . 11 12 12 13 8 10 . Naked Turns . | . . . . . . . . . . . . . . . . . Heaviest Build 271 | 11 50 50 209 209 225 249 247 251 258 271 258 252 259 263 248 14 Greatest Support 37 | 26 26 26 26 26 32 37 37 37 28 37 37 28 28 37 37 28 Greatest Overweight (x) 13 | . 1 1 8 8 13 8 8 8 9 9 9 8 9 9 8 1 Average Overweight (x) 6 | . . 1 4 8 8 6 7 6 8 6 8 8 8 8 6 . Largest Inventory Capacity 35 | 8 20 20 35 35 35 35 35 35 35 35 35 35 35 35 35 5 Average Capacity 32 | 8 13 20 29 35 35 35 35 35 35 35 35 35 35 35 34 5 Most Carried 35 | 8 20 20 31 35 35 35 33 35 35 35 35 35 31 35 35 5 Average Carried 31 | 6 12 19 24 32 33 34 31 34 34 34 34 30 31 34 33 2 Final Capacity 35 | 8 20 20 35 35 35 35 35 35 35 35 35 35 35 35 5 5 Final Carried 35 | 8 20 20 31 35 35 33 33 35 34 35 33 31 31 35 5 1 Class Distribution -------------------- 71% | Hauler-Mutant 15% | Hauler-Skirmisher 10% | Mutant Dominant Class ---------------- Mutant | -10/Materials Mutant | -10/Mines Hauler-Mutant | -10/Exiles Hauler-Mutant | -9/Mines Hauler-Skirmisher | -8/Materials Hauler-Mutant | -7/Factory Hauler-Mutant | -7/Lower Caves Hauler-Mutant | -7/Zion Hauler-Mutant | -6/Proximity Caves Hauler-Mutant | -6/Factory Hauler-Mutant | -6/Lower Caves Hauler-Skirmisher | -6/Lower Caves Hauler-Skirmisher | -6/Data Miner Hauler-Mutant | -5/Proximity Caves Hauler-Mutant | -5/Factory Mutant | -5/Upper Caves Resources | -11 -10 -10 -10 -9 -8 -7 -7 -7 -6 -6 -6 -6 -6 -5 -5 -5 ----------- Run | Scr Mat Min Exi Min Mat Fac Low Zio Pro Fac Low Low Dat Pro Fac Upp Matter Collected 3945 | 224 216 . . 70 377 684 . 404 242 242 331 185 . 449 503 18 Remotely . | . . . . . . . . . . . . . . . . . Salvage Created 7114 | 117 648 39 . 16 1474 1122 . 102 486 630 446 277 . 609 1070 78 Parts 326 | 7 48 2 . . 78 34 . . 29 37 14 18 . 16 39 4 Haulers Intercepted 8 | . 2 . . . 3 . . . . 1 . . . 1 1 . Recyclers Shooed 14 | . . . . . 2 2 . . . 2 . . . . 8 . Parts Field Recycled . | . . . . . . . . . . . . . . . . . Retrieved Matter . | . . . . . . . . . . . . . . . . . Parts Self-Destructed 43 | . . . . . . . 3 . 15 . 6 10 . 8 . 1 Prevented 21 | . . . . . . . . . 7 . 4 1 . 9 . . Kills | -11 -10 -10 -10 -9 -8 -7 -7 -7 -6 -6 -6 -6 -6 -5 -5 -5 ------- Run | Scr Mat Min Exi Min Mat Fac Low Zio Pro Fac Low Low Dat Pro Fac Upp Combat Hostiles Destroyed 118 | . 13 1 . 2 21 12 . . 19 7 6 7 . 12 16 2 Melee 1 | . . . . . . . . . . . . . . . . 1 Guns 11 | . 4 . . 1 . 1 . . 4 . . . . 1 . . Cannons 47 | . 3 1 . 1 6 9 . . . 7 4 5 . 1 9 1 AOE 53 | . 6 . . . 14 2 . . 14 . 1 2 . 9 5 . Classes Destroyed 19 | 2 8 . . 1 1 2 . . 1 1 1 1 . . 1 . Worker 13 | . 4 . . . 5 3 . . . 1 . . . . . . Builder 8 | . 1 . . . 6 . . . . 1 . . . . . . Tunneler 2 | 1 . . . . 1 . . . . . . . . . . . Hauler 8 | . 2 . . . 3 . . . . 1 . . . 1 1 . Recycler 13 | 1 . . . . 4 5 . . . 1 . . . . 2 . Mechanic 1 | . 1 . . . . . . . . . . . . . . . Operator 4 | . 2 . . . 2 . . . . . . . . . . . Drone 1 | . . . . . . . . . . . . . . . 1 . Watcher 2 | . 1 . . . . 1 . . . . . . . . . . Swarmer 30 | . 3 . . . 3 2 . . 16 . . 1 . . 4 1 Grunt 55 | . 10 1 . . 17 4 . . . . 3 2 . 10 7 1 Brawler 2 | . . . . . . 1 . . . . . . . . 1 . Duelist 3 | . . . . . . . . . 2 . 1 . . . . . Researcher 1 | . . . . . . . . . . . 1 . . . . . Sentry 9 | . . . . . 1 1 . . 1 1 1 1 . 1 2 . Hunter 5 | . . . . . . . . . . 3 . 1 . 1 . . Programmer 10 | . . . . . . 4 . . . 3 1 . . . 2 . Master Thief 2 | . . . . . . . . . . . . 2 . . . . Assembled 2 | . . . . 2 . . . . . . . . . . . . Best Kill Streak 14 | 2 8 1 . 1 14 5 . . 4 4 3 3 . 6 5 1 Combat Bots Only 7 | . 5 1 . 1 7 3 . . 4 2 3 3 . 5 5 1 Max Kills in Single Turn 4 | 1 2 1 . 1 4 2 . . 4 2 1 1 . 4 3 1 Gunslinging . | . . . . . . . . . . . . . . . . . Exploded 4 | . 2 . . . 2 2 . . 4 . 1 1 . 4 2 . Melee 1 | . . . . . . . . . . . . . . . . 1 Uniques/NPCs Destroyed . | . . . . . . . . . . . . . . . . . Combat | -11 -10 -10 -10 -9 -8 -7 -7 -7 -6 -6 -6 -6 -6 -5 -5 -5 -------- Run | Scr Mat Min Exi Min Mat Fac Low Zio Pro Fac Low Low Dat Pro Fac Upp Damage Taken 9441 | . 481 . . 12 757 1182 10 . 723 770 582 1116 . 563 1794 1451 Core 1786 | . 150 . . . 140 18 . . 65 37 71 268 . 36 272 729 Absorbed by Shields 761 | . . . . . . . . . 279 258 . . . . 224 . Core Remaining (%) 70 | 100 . . . 40 74 . . . 88 . . . . 51 . . Volleys Fired 423 | 4 51 3 . 5 69 69 3 . 20 38 33 28 . 25 70 5 Largest 2 | 2 2 2 . 2 2 2 2 . 2 2 2 2 . 2 2 1 Hottest 180 | 70 112 106 . 106 136 160 141 . 125 180 180 180 . 180 180 80 Shots Fired 747 | 8 96 6 . 8 124 120 6 . 33 70 60 50 . 41 120 5 Gun 223 | 8 68 3 . 3 32 69 3 . 25 . . . . 12 . . Cannon 466 | . 23 3 . 5 81 45 3 . . 70 54 46 . 23 113 . Launcher 53 | . 5 . . . 11 6 . . 8 . 6 4 . 6 7 . Special 5 | . . . . . . . . . . . . . . . . 5 Kinetic 31 | 4 26 . . . 1 . . . . . . . . . . . Thermal 513 | 4 42 3 . 3 48 110 6 . . 66 54 46 . 35 91 5 Explosive 30 | . 5 . . . 4 . . . 4 . . 4 . 6 7 . Electromagnetic 173 | . 23 3 . 5 71 10 . . 29 4 6 . . . 22 . Robot Hit Streak 19 | 1 7 3 . 2 8 9 4 . 4 19 7 7 . 8 16 12 Robot Miss Streak 8 | 2 8 3 . 2 3 4 3 . 6 2 6 4 . 4 4 1 Penetration Max . | . . . . . . . . . . . . . . . . . Secondary Targets 1 | . . . . . . . . . 1 . . . . . . . Max Gunslinging Chain 1 | . . . . . . . . . 1 . . . . . . . Shots Hit Robots 433 | 3 54 4 . 3 76 69 3 5 15 41 31 22 . 27 70 10 Core Hits 285 | 3 42 1 . 3 60 31 1 1 25 16 12 13 . 27 39 11 Critical Kills 2 | . . . . . . . . . . 1 . . . . . 1 Critical Parts Destroyed . | . . . . . . . . . . . . . . . . . Critical Strikes 10 | . 2 . . . 1 4 . . . 1 . . . . 1 1 Burn 7 | . 2 . . . 1 4 . . . . . . . . . . Meltdown 1 | . . . . . . . . . . 1 . . . . . . Corrupt 1 | . . . . . . . . . . . . . . . 1 . Smash 1 | . . . . . . . . . . . . . . . . 1 Melee Attacks 13 | . . . . . . . . 5 . . . . . . . 8 Impact 8 | . . . . . . . . . . . . . . . . 8 Slashing 5 | . . . . . . . . 5 . . . . . . . . Piercing . | . . . . . . . . . . . . . . . . . Sneak Attacks . | . . . . . . . . . . . . . . . . . Combat Hostiles . | . . . . . . . . . . . . . . . . . Follow-up Attacks . | . . . . . . . . . . . . . . . . . Damage Inflicted 17471 | 31 1208 82 . 44 3549 2102 67 468 1300 1227 1335 1035 . 1790 2920 313 Guns 2181 | 31 391 13 . 24 440 803 40 . 199 . . . . 240 . . Cannons 7629 | . 347 69 . 20 1174 918 27 . . 1227 966 597 . 323 1961 . Explosions 6876 | . 470 . . . 1935 381 . . 1101 . 369 438 . 1227 955 . Melee 598 | . . . . . . . . 468 . . . . . . . 130 Ramming 139 | . . . . . . . . . . . . . . . 4 135 Kinetic 127 | 6 121 . . . . . . . . . . . . . . . Thermal 8775 | 25 331 13 . 24 1705 1710 67 . 75 1123 966 597 . 563 1528 48 Explosive 4194 | . 409 . . . 425 . . . 740 . . 438 . 1227 955 . Electromagnetic 3638 | . 347 69 . 20 1419 392 . . 485 104 369 . . . 433 . Impact 130 | . . . . . . . . . . . . . . . . 130 Slashing 468 | . . . . . . . . 468 . . . . . . . . Piercing . | . . . . . . . . . . . . . . . . . Highest Corruption 13 | . 1 1 1 8 4 7 7 7 7 1 9 3 3 8 9 13 Average Corruption 2 | . 1 1 1 1 1 3 7 5 1 1 2 3 3 3 1 9 Corruption Purged 7 | . . . . . . . . . . . 7 . . . . . Effects 119 | . 4 . 3 5 1 36 6 5 3 1 15 11 4 13 4 8 Message Errors 29 | . 2 . 1 1 . 7 1 1 1 . 3 3 2 3 1 3 Matter Fused 34 | . . . . . . 11 4 2 . . 5 3 2 6 . 1 Heat Flow Errors 15 | . . . . 1 . 3 . . . . 3 2 . 2 1 3 Energy Discharges 22 | . 1 . 1 1 1 8 . . 2 1 2 2 . 1 2 . Data Loss (minor) 14 | . 1 . 1 2 . 3 1 2 . . 2 . . 1 . 1 Data Loss (major) 3 | . . . . . . 3 . . . . . . . . . . Weapon Failures 2 | . . . . . . 1 . . . . . 1 . . . . Overload Shots . | . . . . . . . . . . . . . . . . . Overflow Damage 802 | . . 7 . . 204 21 . 233 55 30 132 18 . . 101 1 Projectiles 318 | . . 7 . . 34 21 . . . 30 132 1 . . 93 . Explosions 250 | . . . . . 170 . . . 55 . . 17 . . 8 . Melee 234 | . . . . . . . . 233 . . . . . . . 1 Knockbacks . | . . . . . . . . . . . . . . . . . Impact . | . . . . . . . . . . . . . . . . . Kinetic . | . . . . . . . . . . . . . . . . . Secondary . | . . . . . . . . . . . . . . . . . Self-Inflicted Damage 647 | . 28 . . . 86 227 . . 44 . 7 125 . . 77 53 Shots 22 | . 1 . . . 4 9 . . 3 . 1 2 . . 2 . Rammed 63 | . . . . . . . . . . . . . . . 3 60 Targets Rammed 63 | . . . . . . . . . . . . . . . 3 60 Kicked . | . . . . . . . . . . . . . . . . . Crushed . | . . . . . . . . . . . . . . . . . Highest Temperature 434 | 80 192 45 . 171 317 434 190 320 . 372 234 276 . 238 204 198 Average Temperature 93 | 40 44 24 . 56 108 115 96 185 . 93 85 98 . 103 47 91 Received Heat Transfer 2073 | . 210 . . . 405 117 . . 36 24 213 222 . 168 300 378 Effects 6 | . . . . . . 4 . . . 2 . . . . . . Shutdowns 1 | . . . . . . 1 . . . . . . . . . . Energy Bleed 3 | . . . . . . 3 . . . . . . . . . . Interference 2 | . . . . . . . . . . 2 . . . . . . Siege Activations . | . . . . . . . . . . . . . . . . . Robots Corrupted 6 | . . . . . 1 . . . 1 . 1 . . . 3 . Combat Hostiles 5 | . . . . . 1 . . . 1 . 1 . . . 2 . Parts Fried 16 | . 2 . . . 8 2 . . 2 1 . . . . 1 . Impact Corruptions 1 | . . . . . . . . . . . . . . . . 1 Robots Melted 3 | . . . . . . . . . . 2 . . . 1 . . Combat Hostiles 1 | . . . . . . . . . . . . . . 1 . . Parts Melted 26 | . . . . . 2 8 . . . 8 1 1 . 3 3 . Heat Transferred 13689 | 74 975 37 . 74 2345 3328 124 . 100 1909 1073 777 . 777 1776 320 Parts Sabotaged 3 | . . . . . . . . . . . . . . . 3 . Parts Stolen 4 | . . . . . . . 1 . . . . 3 . . . . Parts Stripped . | . . . . . . . . . . . . . . . . . Power Chain Reactions 15 | . 1 . . . 7 4 . . 2 . 1 . . . . . Missiles Intercepted . | . . . . . . . . . . . . . . . . . Alert | -11 -10 -10 -10 -9 -8 -7 -7 -7 -6 -6 -6 -6 -6 -5 -5 -5 ------- Run | Scr Mat Min Exi Min Mat Fac Low Zio Pro Fac Low Low Dat Pro Fac Upp Peak Influence 651 | 10 291 111 . 15 651 578 . . . 247 . . . . 420 . Initial 97 | . 6 74 . . 5 97 . . . 56 . . . . 72 . Average 182 | 7 148 87 . 2 247 338 . . . 74 . . . . 84 . Maximum Alert Level 2 | . 1 . . . 2 2 . . . 1 . . . . 2 . Low Security (%) 67 | 100 69 100 . 100 45 37 . . . 89 . . . . 97 . Level 1 12 | . 30 . . . 34 7 . . . 10 . . . . 1 . Level 2 19 | . . . . . 20 55 . . . . . . . . 1 . Level 3 . | . . . . . . . . . . . . . . . . . Level 4 . | . . . . . . . . . . . . . . . . . Level 5 . | . . . . . . . . . . . . . . . . . High Security . | . . . . . . . . . . . . . . . . . Max Security . | . . . . . . . . . . . . . . . . . Squads Dispatched 19 | . 2 . . . 4 6 . . . 3 . . . . 4 . Investigation 1 | . . . . . 1 . . . . . . . . . . . Extermination 8 | . . . . . . 4 . . . 2 . . . . 2 . Reinforcement 10 | . 2 . . . 3 2 . . . 1 . . . . 2 . Assault . | . . . . . . . . . . . . . . . . . Garrison . | . . . . . . . . . . . . . . . . . Intercept . | . . . . . . . . . . . . . . . . . Construction Impeded 2 | . . . . . 2 . . . . . . . . . . . Haulers Reinforced . | . . . . . . . . . . . . . . . . . Cargo Convoy Interrupts 1 | . . . . . . . . . . . . . . . 1 . Stealth | -11 -10 -10 -10 -9 -8 -7 -7 -7 -6 -6 -6 -6 -6 -5 -5 -5 --------- Run | Scr Mat Min Exi Min Mat Fac Low Zio Pro Fac Low Low Dat Pro Fac Upp Distress Signals 7 | . . . . . 4 1 . . . 2 . . . . . . Communications Jammed 1 | . . . . . . . . . . . . . . . 1 . Distress Signals 1 | . . . . . . . . . . . . . . . 1 . Times Spotted 197 | . 26 2 . 4 39 24 2 . 19 13 7 10 . 12 36 3 Peak Tracking Total 13 | . 6 2 . 2 5 5 1 . 5 5 4 5 . 5 13 3 Tactical Retreats 8 | . 2 . . . 3 1 . . . . 1 . . . 1 . Traps | -11 -10 -10 -10 -9 -8 -7 -7 -7 -6 -6 -6 -6 -6 -5 -5 -5 ------- Run | Scr Mat Min Exi Min Mat Fac Low Zio Pro Fac Low Low Dat Pro Fac Upp Traps Triggered 5 | . 2 . . . . 2 . . . . . . . . 1 . Indirectly . | . . . . . . . . . . . . . . . . . Trap Hack Attempts . | . . . . . . . . . . . . . . . . . Triggered . | . . . . . . . . . . . . . . . . . Disarmed . | . . . . . . . . . . . . . . . . . Reprogrammed . | . . . . . . . . . . . . . . . . . Reused . | . . . . . . . . . . . . . . . . . Traps Extracted . | . . . . . . . . . . . . . . . . . Installed . | . . . . . . . . . . . . . . . . . Triggered 2 | . . . . . . . . . . . . . . 1 . 1 Machines | -11 -10 -10 -10 -9 -8 -7 -7 -7 -6 -6 -6 -6 -6 -5 -5 -5 ---------- Run | Scr Mat Min Exi Min Mat Fac Low Zio Pro Fac Low Low Dat Pro Fac Upp Machines Disabled 15 | . 2 . . . 6 3 . . . 1 . . . . 3 . Max in Single Turn 2 | . 1 . . . 2 1 . . . 1 . . . . 1 . Machines Sabotaged . | . . . . . . . . . . . . . . . . . Garrisons Compromised . | . . . . . . . . . . . . . . . . . Overloaded Fab Kills . | . . . . . . . . . . . . . . . . . Fab Network Shutdowns 1 | . . . . . . 1 . . . . . . . . . . Hacking | -11 -10 -10 -10 -9 -8 -7 -7 -7 -6 -6 -6 -6 -6 -5 -5 -5 --------- Run | Scr Mat Min Exi Min Mat Fac Low Zio Pro Fac Low Low Dat Pro Fac Upp Machines Accessed 22 | . 4 . 2 . 4 6 . . . 1 1 . 4 . . . Terminals 12 | . 4 . . . 3 3 . . . 1 1 . . . . . Fabricators 1 | . . . . . . 1 . . . . . . . . . . Repair Stations 1 | . . . . . . 1 . . . . . . . . . . Recycling Units . | . . . . . . . . . . . . . . . . . Scanalyzers 2 | . . . . . 1 1 . . . . . . . . . . Garrison Access . | . . . . . . . . . . . . . . . . . Total Hacks 69 | . 14 . 2 . 11 12 . . . 2 2 . 26 . . . Successful 53 | . 5 . 2 . 10 6 . . . 2 2 . 26 . . . Failed 16 | . 9 . . . 1 6 . . . . . . . . . . Catastrophic . | . . . . . . . . . . . . . . . . . Database Lockouts . | . . . . . . . . . . . . . . . . . Manual 18 | . 4 . 1 . 6 6 . . . 1 . . . . . . Terminals 32 | . 14 . . . 7 7 . . . 2 2 . . . . . Fabricators 2 | . . . . . . 2 . . . . . . . . . . Repair Stations 1 | . . . . . . 1 . . . . . . . . . . Recycling Units . | . . . . . . . . . . . . . . . . . Scanalyzers 6 | . . . . . 4 2 . . . . . . . . . . Garrison Access . | . . . . . . . . . . . . . . . . . Terminal Hacks 42 | . 5 . 2 . 3 2 . . . 2 2 . 26 . . . Record 14 | . . . 1 . . . . . . . 2 . 11 . . . Part Schematic 5 | . . . . . . . . . . . . . 5 . . . Robot Schematic 7 | . . . . . . . . . . . . . 7 . . . Prototype ID Bank 5 | . 2 . . . . . . . . . . . 3 . . . Branch Access Points 4 | . 1 . . . 1 1 . . . 1 . . . . . . Terminal Index 1 | . . . . . . . . . . 1 . . . . . . Alert Level 1 | . . . . . . 1 . . . . . . . . . . Unreport Threat 3 | . 1 . . . 2 . . . . . . . . . . . Hauler Manifests 1 | . 1 . . . . . . . . . . . . . . . EX-Prototype ID Bank 1 | . . . 1 . . . . . . . . . . . . . Fabricator Hacks 2 | . . . . . . 2 . . . . . . . . . . Load Schematic 1 | . . . . . . 1 . . . . . . . . . . Build 1 | . . . . . . 1 . . . . . . . . . . Repair Station Hacks . | . . . . . . . . . . . . . . . . . Recycling Unit Hacks . | . . . . . . . . . . . . . . . . . Scanalyzer 4 | . . . . . 4 . . . . . . . . . . . Insert Component 2 | . . . . . 2 . . . . . . . . . . . Analyze 2 | . . . . . 2 . . . . . . . . . . . Garrison Access Hacks . | . . . . . . . . . . . . . . . . . Unauthorized Hacks 5 | . . . . . 3 2 . . . . . . . . . . Terminals 5 | . . . . . 3 2 . . . . . . . . . . Assimilate 1 | . . . . . 1 . . . . . . . . . . . Botnet 4 | . . . . . 2 2 . . . . . . . . . . Fabricators . | . . . . . . . . . . . . . . . . . Repair Stations . | . . . . . . . . . . . . . . . . . Recycling Units . | . . . . . . . . . . . . . . . . . Scanalyzers . | . . . . . . . . . . . . . . . . . Garrison Access . | . . . . . . . . . . . . . . . . . Data Cores Recovered 1 | . . . . . 1 . . . . . . . . . . . Used 1 | . . . . . 1 . . . . . . . . . . . Hacking Detections 10 | . 2 . . . 4 4 . . . . . . . . . . Full Trace Events 1 | . 1 . . . . . . . . . . . . . . . Feedback Events . | . . . . . . . . . . . . . . . . . Feedback Blocked . | . . . . . . . . . . . . . . . . . Robot Schematics Acquired 7 | . . . . . . . . . . . . . 7 . . . Robots Built . | . . . . . . . . . . . . . . . . . Matter . | . . . . . . . . . . . . . . . . . Time . | . . . . . . . . . . . . . . . . . Total Robot Build Rating . | . . . . . . . . . . . . . . . . . Part Schematics Acquired 7 | . . . . . 2 . . . . . . . 5 . . . Parts Built 1 | . . . . . . 1 . . . . . . . . . . Matter 102 | . . . . . . 102 . . . . . . . . . . Time 51 | . . . . . . 51 . . . . . . . . . . Total Part Build Rating 1 | . . . . . . 1 . . . . . . . . . . Parts Repaired . | . . . . . . . . . . . . . . . . . Time . | . . . . . . . . . . . . . . . . . Parts Recycled . | . . . . . . . . . . . . . . . . . Recycled Matter . | . . . . . . . . . . . . . . . . . Retrieved Matter . | . . . . . . . . . . . . . . . . . Retrieved Components . | . . . . . . . . . . . . . . . . . Parts Scanalyzed 2 | . . . . . 2 . . . . . . . . . . . Part Schematics Acquired 2 | . . . . . 2 . . . . . . . . . . . Parts Damaged . | . . . . . . . . . . . . . . . . . Bothacking | -11 -10 -10 -10 -9 -8 -7 -7 -7 -6 -6 -6 -6 -6 -5 -5 -5 ------------ Run | Scr Mat Min Exi Min Mat Fac Low Zio Pro Fac Low Low Dat Pro Fac Upp Used RIF Installer . | . . . . . . . . . . . . . . . . . Robots Hacked . | . . . . . . . . . . . . . . . . . Non-combat . | . . . . . . . . . . . . . . . . . Combat . | . . . . . . . . . . . . . . . . . Robot Hacks Applied . | . . . . . . . . . . . . . . . . . Relay Couplers Released 4 | . . . . . . 4 . . . . . . . . . . Programmers 4 | . . . . . . 4 . . . . . . . . . . Robots Rewired 2 | . . . . . . 2 . . . . . . . . . . Allies Hacked 1 | . . . . . . 1 . . . . . . . . . . Hacks Repelled . | . . . . . . . . . . . . . . . . . Allies | -11 -10 -10 -10 -9 -8 -7 -7 -7 -6 -6 -6 -6 -6 -5 -5 -5 -------- Run | Scr Mat Min Exi Min Mat Fac Low Zio Pro Fac Low Low Dat Pro Fac Upp Total Allies 7 | . . 3 . . 1 2 . . . . . . . 1 . . Largest Group 3 | . . 3 2 2 3 2 . . . . . . . 1 . . Highest-Rated Group 95 | . . 40 32 32 42 48 . . . . . . . 95 . . Highest-Rated Ally 95 | . . 16 16 16 16 32 . . . . . . . 95 . . Total Orders 8 | . . . . . . . . . . 3 . . . . 5 . EXPLORE 5 | . . . . . . . . . . . . . . . 5 . RETURN 3 | . . . . . . . . . . 3 . . . . . . Ally Attacks 80 | . . 3 . 6 47 19 . . . . . . . 5 . . Total Damage 1268 | . . 43 . 49 514 557 . . . . . . . 105 . . Kills 14 | . . 1 . 2 5 5 . . . . . . . 1 . . Allies Corrupted . | . . . . . . . . . . . . . . . . . Allies Melted 1 | . . . . . . . . . . . . . . 1 . . Intel | -11 -10 -10 -10 -9 -8 -7 -7 -7 -6 -6 -6 -6 -6 -5 -5 -5 ------- Run | Scr Mat Min Exi Min Mat Fac Low Zio Pro Fac Low Low Dat Pro Fac Upp Robot Analysis Total . | . . . . . . . . . . . . . . . . . Derelict Logs Recovered 10 | . . . . 2 . . 1 2 2 . 1 . . 2 . . Drone Launches 22 | . . . . . . . . . . 3 . . . . 19 . Drone Recoveries 11 | . . . . . . . . . . 3 . . . . 8 . Exploration | -11 -10 -10 -10 -9 -8 -7 -7 -7 -6 -6 -6 -6 -6 -5 -5 -5 ------------- Run | Scr Mat Min Exi Min Mat Fac Low Zio Pro Fac Low Low Dat Pro Fac Upp Turns Passed 15348 | 44 961 137 709 590 945 2227 248 2699 976 1158 1451 694 262 780 1276 191 Spaces Moved 6759 | 25 749 107 439 162 290 913 107 1371 385 467 527 260 116 287 511 43 Core 2 | . . . . . . . . . . . . . . . . 2 Treads . | . . . . . . . . . . . . . . . . . Legs 23 | 14 . . . . . . . . . . . . . . . 9 Wheels 6734 | 11 749 107 439 162 290 913 107 1371 385 467 527 260 116 287 511 32 Hover . | . . . . . . . . . . . . . . . . . Flight . | . . . . . . . . . . . . . . . . . Fastest Speed 80 | 90 80 105 90 210 190 190 190 190 220 190 190 220 220 190 100 100 Average Speed 188 | 106 95 105 153 210 225 199 219 190 233 198 228 220 220 224 191 104 Slowest Speed 295 | 120 105 105 210 210 295 220 220 220 235 235 235 220 235 235 220 120 Overloaded Moves . | . . . . . . . . . . . . . . . . . Propulsion Burnouts . | . . . . . . . . . . . . . . . . . Robots Hopped . | . . . . . . . . . . . . . . . . . Cave-ins Triggered . | . . . . . . . . . . . . . . . . . Exploration Rate (%) 42 | 3 62 24 66 33 31 25 20 84 63 17 82 49 80 56 25 8 Regions Visited 16 Branch Regions 11 Pre-discovered Areas 5 | . . . 1 1 . . 1 1 . . . . 1 . . . Known Exits Taken 6 | . 1 . . . 1 1 . . . 1 . . . 1 1 . Unknown Exits Taken 10 | 1 . 1 1 1 . . 1 1 1 . 1 1 1 . . . Scrap Searched 13 | . . 1 . 1 . . . 3 1 . 2 1 . 3 . 1 Spaces Dug 32 | . . . . . 2 5 . . . 5 2 1 . 2 15 . Terrain Destroyed 347 | . 19 . . . 49 14 . . 51 13 18 67 . 73 43 . Melee . | . . . . . . . . . . . . . . . . . Projectile 75 | . . . . . 6 5 . . . 13 15 12 . 7 17 . AOE 272 | . 19 . . . 43 9 . . 51 . 3 55 . 66 26 . Terrain Rammed . | . . . . . . . . . . . . . . . . . Walls Destroyed . | . . . . . . . . . . . . . . . . . Machines Disabled . | . . . . . . . . . . . . . . . . . Actions | -11 -10 -10 -10 -9 -8 -7 -7 -7 -6 -6 -6 -6 -6 -5 -5 -5 --------- Run | Scr Mat Min Exi Min Mat Fac Low Zio Pro Fac Low Low Dat Pro Fac Upp Total 8635 | 35 911 126 478 406 461 1196 114 1460 424 630 712 328 123 380 682 169 Wait 650 | . 48 15 1 222 16 67 1 21 1 37 118 17 7 9 28 42 Move 6744 | 24 748 106 438 161 289 912 106 1370 384 466 526 259 115 286 511 43 Hop . | . . . . . . . . . . . . . . . . . Pick Up 204 | 3 27 1 27 9 27 27 . 13 3 22 6 8 . 16 14 1 Fast Attach 66 | 1 4 . 1 . 5 13 . 14 1 6 3 1 . 6 7 4 Attach 60 | 1 . . . . 9 8 . 7 2 9 6 5 . 1 8 4 Detach 9 | . . . . . . 1 2 1 . 2 2 . . 1 . . Swap 190 | . 10 . 3 3 24 44 2 6 11 25 11 8 1 20 22 . Drop 195 | 2 23 1 8 6 22 41 . 23 2 25 7 2 . 16 15 2 Fire 423 | 4 51 3 . 5 69 69 3 . 20 38 33 28 . 25 70 5 Melee 13 | . . . . . . . . 5 . . . . . . . 8 Ram 62 | . . . . . . . . . . . . . . . 2 60 Kick . | . . . . . . . . . . . . . . . . . Crush . | . . . . . . . . . . . . . . . . . Escape Stasis . | . . . . . . . . . . . . . . . . . Rewire 14 | . . . . . . 14 . . . . . . . . . . Trap . | . . . . . . . . . . . . . . . . . Miscellaneous 5 | . . . . . . . . . . . . . . . 5 . Route ------- -11/Scrapyard -10/Materials (discovered 4 exits: [*Mat x2] / *Min x2) -10/Mines (discovered 2 exits: [*Mat] / *Exi) -10/Exiles -9/Mines (discovered 2 exits: *Mat x2) -8/Materials (discovered 2 exits: *Fac / Sto) -7/Factory (discovered 3 exits: *Fac / *Low x2) -7/Lower Caves -7/Zion -6/Proximity Caves -6/Factory (discovered 6 exits: Fac x4 / *Low x2) -6/Lower Caves -6/Lower Caves -6/Data Miner -5/Proximity Caves -5/Factory (discovered 2 exits: *Upp x2) -5/Upper Caves History --------- Turn | Location | Event 1 | -11/Scrapyard | Discovered new exit (range 1) 45 | -11/Scrapyard | Entered Materials 326 | -10/Materials | Build established: Mutant 528 | -10/Materials | Discovered new exit (range 5) 551 | -10/Materials | Core integrity fell below 50% 569 | -10/Materials | Identified exit to Mines 817 | -10/Materials | Discovered new exit (range 9) 1006 | -10/Materials | Entered Mines 1041 | -10/Mines | A weapon hastily lodged in a ceiling crevice suddenly fell to the ground 1054 | -10/Mines | Discovered new exit (range 5) 1064 | -10/Mines | Assisted by bots powering up and referring to "LRC-V3" 1133 | -10/Mines | Deemed a non-threat by the Exiles lab entrance 1134 | -10/Mines | Discovered new exit (range 5) 1143 | -10/Mines | Entered Exiles 1143 | -10/Exiles | Accompanied by 2 allies 1170 | -10/Exiles | Met 8R-AWN 1187 | -10/Exiles | Met EX-HEX 1248 | -10/Exiles | Met EX-BIN 1263 | -10/Exiles | Aligned with FarCom system 1264 | -10/Exiles | Given EX-Vault access code 1288 | -10/Exiles | Opened EX-Vault 1298 | -10/Exiles | Found Gui. Plasma Cannon 1301 | -10/Exiles | Found AWS/Thermal 1305 | -10/Exiles | Found AWS/Gauss 1330 | -10/Exiles | Warned to stay clear of 0b10 Research branches 1360 | -10/Exiles | Met EX-DEC 1365 | -10/Exiles | Learned location of Zion (-7) 1687 | -10/Exiles | Build established: Hauler-Mutant 1825 | -10/Exiles | Discovered new exit (range 14) 1852 | -10/Exiles | Stole three prototypes: AWS/Thermal, Gui. Plasma Cannon, AWS/Gauss 1852 | -10/Exiles | Entered Mines 1852 | -9/Mines | Accompanied by 2 allies 1853 | -9/Mines | Assembled infested the area 1858 | -9/Mines | Assisted by a Guerilla fighting off Assembled 2231 | -9/Mines | Learned location of Recycling (-8) 2332 | -9/Mines | Discovered new exit (range 16) 2412 | -9/Mines | Discovered new exit (range 11) 2442 | -9/Mines | Entered Materials 2442 | -8/Materials | Accompanied by 2 allies 2442 | -8/Materials | Evolved 4 slots: Power x1, Utility x3 2443 | -8/Materials | Identified exit to Factory 2479 | -8/Materials | Identified exit to Storage 2953 | -8/Materials | Build established: Hauler-Skirmisher 3124 | -8/Materials | Destroyed 7 combat bots 3125 | -8/Materials | Lost 5 parts (2p1n2w) 3253 | -8/Materials | Build established: Hauler-Mutant 3387 | -8/Materials | Entered Factory 3387 | -7/Factory | Evolved 2 slots: Power x1, Utility x1 3389 | -7/Factory | FarCom data flow suspended 3754 | -7/Factory | Discovered new exit (range 10) 3828 | -7/Factory | Build established: Scavenger-Mutant 4223 | -7/Factory | Build established: Hauler-Mutant 4383 | -7/Factory | Local fabrication network quarantined 4416 | -7/Factory | Fabricated Humpback (x1) 4622 | -7/Factory | Discovered new exit (range 16) 4982 | -7/Factory | Identified exit to Lower Caves 5614 | -7/Factory | Entered Lower Caves 5614 | -7/Lower Caves | Spotted SF-MKO(f) 5615 | -7/Lower Caves | Encountered a Master Thief 5619 | -7/Lower Caves | AWS/Gauss stolen by Master Thief 5784 | -7/Lower Caves | A Derelict revealed a hidden shortcut to a safe place 5862 | -7/Lower Caves | Entered Zion 5925 | -7/Zion | System corruption cleaned by Quarantine Array 6016 | -7/Zion | Discovered new exit (range 8) 6136 | -7/Zion | Found Prototype Processor 6136 | -7/Zion | Identified Exp. Terrain Scan Processor 6140 | -7/Zion | Found Prototype Processor 6140 | -7/Zion | Identified Exp. Targeting Computer 6144 | -7/Zion | Found Prototype Processor 6144 | -7/Zion | Identified Exp. Target Analyzer 6165 | -7/Zion | Found Prototype Processor 6165 | -7/Zion | Identified Exp. Signal Interpreter 6237 | -7/Zion | System corruption cleaned by Quarantine Array 6317 | -7/Zion | Found Exp. Terrain Scan Processor 6322 | -7/Zion | Found Exp. Target Analyzer 6545 | -7/Zion | Learned Factory terminal intel 6998 | -7/Zion | Given the Hacking Drone Bay 7002 | -7/Zion | Found Prototype Device 7161 | -7/Zion | System corruption cleaned by Quarantine Array 7344 | -7/Zion | Given A8's code to call for help 7452 | -7/Zion | Found Prototype Device 7452 | -7/Zion | Identified Mobile Refinery Mk. CCLXVII 7482 | -7/Zion | Identified Hacking Drone Bay 8561 | -7/Zion | Entered Proximity Caves 8689 | -6/Proximity Caves | Attracted the attention of an 0b10 checkpoint 9030 | -6/Proximity Caves | Learned Factory trap positions 9497 | -6/Proximity Caves | Discovered new exit (range 10) 9537 | -6/Proximity Caves | Entered Factory 9537 | -6/Factory | Evolved 2 slots: Utility x2 9538 | -6/Factory | Loaded intel: 98 trap records 9539 | -6/Factory | Loaded intel: 20 terminal locations 10269 | -6/Factory | Identified exit to Lower Caves 10274 | -6/Factory | Identified exit to Factory 10695 | -6/Factory | Entered Lower Caves 10943 | -6/Lower Caves | Attracted the attention of an 0b10 checkpoint 11250 | -6/Lower Caves | Spotted B-75 Beast 11348 | -6/Lower Caves | Lost 3 parts (2u1w) 11610 | -6/Lower Caves | Found Alien Artifact 11956 | -6/Lower Caves | Build established: Hauler-Skirmisher 12018 | -6/Lower Caves | Discovered new exit (range 15) 12055 | -6/Lower Caves | Learned Factory interactive machine intel 12146 | -6/Lower Caves | Entered another Lower Caves area 12499 | -6/Lower Caves | Attracted the attention of an 0b10 checkpoint 12563 | -6/Lower Caves | Lost 5 parts (1p1n3u) 12640 | -6/Lower Caves | Spotted RG-SYM(f) 12640 | -6/Lower Caves | Spotted E6-U55(f) 12640 | -6/Lower Caves | Spotted XF-IK9(f) 12641 | -6/Lower Caves | Spotted ND-9B3(f) 12642 | -6/Lower Caves | Encountered a Master Thief 12642 | -6/Lower Caves | Encountered a Master Thief 12642 | -6/Lower Caves | Encountered a Master Thief 12642 | -6/Lower Caves | Encountered a Master Thief 12643 | -6/Lower Caves | Discovered new exit (range 15) 12644 | -6/Lower Caves | Gui. Plasma Cannon stolen by Master Thief 12645 | -6/Lower Caves | Destroyed E6-U55(f) 12645 | -6/Lower Caves | AWS/Thermal stolen by Master Thief 12646 | -6/Lower Caves | Spotted RT-4PH(f) 12647 | -6/Lower Caves | Encountered a Master Thief 12647 | -6/Lower Caves | Destroyed XF-IK9(f) 12656 | -6/Lower Caves | Mic. Fission Core stolen by Master Thief 12840 | -6/Lower Caves | Entered Data Miner 12840 | -6/Data Miner | Discovered new exit (range 6) 12869 | -6/Data Miner | Met Data Miner 12987 | -6/Data Miner | Learned location of Section 7 (-2) 12987 | -6/Data Miner | Acquired the access code to Warlord's prototype stash 13004 | -6/Data Miner | Received God Mode back door access code from Data Miner 13102 | -6/Data Miner | Entered Proximity Caves 13115 | -5/Proximity Caves | Escorted by Enhanced Grunt 13493 | -5/Proximity Caves | Learned Factory garrison access intel 13740 | -5/Proximity Caves | Attracted the attention of an 0b10 checkpoint 13844 | -5/Proximity Caves | Build established: Hauler-Mutant 13882 | -5/Proximity Caves | Entered Factory 13882 | -5/Factory | Evolved 2 slots: Utility x2 13883 | -5/Factory | Identified exit to Upper Caves 13884 | -5/Factory | Loaded intel: 45 interactive machine locations 13885 | -5/Factory | Loaded intel: 4 garrison access locations 14280 | -5/Factory | Discovered exit to Upper Caves (range 110) 14300 | -5/Factory | Lost 3 parts (2p1u) 15133 | -5/Factory | Cargo convoy interrupted 15158 | -5/Factory | Entered Upper Caves 15187 | -5/Upper Caves | Lost 24 parts (5p11u6w) 15242 | -5/Upper Caves | Attracted the attention of an 0b10 checkpoint 15271 | -5/Upper Caves | Core integrity fell below 50% 15307 | -5/Upper Caves | System corruption reached 10% 15318 | -5/Upper Caves | Core integrity fell below 20% 15349 | -5/Upper Caves | Destroyed by Y-64 Sentinel with KE Penetrator Last Messages --------------- 15324_ Destabilizing: Short circuit. 15324_ Penetrated by Slug. 15325_ Slammed into Y-64 Sentinel. 15330_ Penetrated by Slug. 15330_ Slammed into Y-64 Sentinel. 15334_ Exp. Target Analyzer permanently disabled. 15334_ Destabilizing: Short circuit. 15335_ System corrupted: Heat flow error (+238). 15335_ Slammed into Y-64 Sentinel. 15336_ Penetrated by Slug. 15336_ Critical hit (Destroy). 15336_ Broken Arm. Huge Wheel destroyed. 15336_ Slammed into Y-64 Sentinel. 15340_ Destroyed Adv. Heat Sink. 15340_ Y-64 Sentinel system corrupted by crushing effect. 15341_ Y-64 Sentinel misfires. 15341_ Slug penetrates Wall. 15341_ Slammed into Y-64 Sentinel. 15343_ Penetrated by Slug. 15343_ Slammed into Y-64 Sentinel. Map ----- +----------------------------------------------------+ | ???????????????# ? ?????????????????? | | ??????????????# ?? ????????????????? | | ??????????????# #?#?????????????? | | ??????????????# ?####??#???????????? | | ??????????? ? #########??????????? | | ??????????? ? ##########???????????? | | ???????????###? ? #######?##?##?????????? | | ??????????##### ? ############??????????? | | ??????????#?######### ########?#????????? | | ??????????#?###### ###########???????? | | ????????#?####### #############??????? | | ???????####?### ## # #######??##??????? | | ?? ????#### #### # #########?##?????? | | ?????# #### ##"##########?#?????? | | ??????# #### %% %%% %######???? | | ????????? ### ## # %%* % =" #???? | | ????????? ### ### #### ### %%% %#####????? | | ????????? ### ######### ## %%% " "!!##?#?????? | | ????????# ### ######### % %%"" "" ###??????? | | ????????? # ######### %%%%%%% ###?#????? | | ???????? # ######### " " "%% ###?#????? | | ????????# """ #### """"""%% ####?????? | | ????????? """""" #### """""""% ####?????? | | ????????? """ """ #### %%%%%%%% ####?????? | | ????????? """ #### %%%%%%%%% ####?????? | | ????????? """ """ ##Y@#####%#########??????? | | ????????? """""" ## ###############?????? | | ????????? """ # ###############?????? | | ?????????? # ##############??????? | | ?????????? ##############################??????? | | ??????????###############################??????? | | ??????????###############################??????? | | ??????????###############################??????? | | ???????????#############################???????? | | ???????????#############################???????? | | ????????????##########################?????????? | | ????????????##########################?????????? | | ?????????????#######################?#?????????? | | ??????????????#######################??????????? | | ???????????????###?#################???????????? | | ?????????????????#######?##########????????????? | | ??????????????????###?########?##??????????????? | | ????????????????????#?#########????????????????? | | ?????????????????????????#?????????????????????? | | ???????????????????????????????????????????????? | | ???????????????????????????????????????????????? | | ???????????????????????????????????????????????? | | ???????????????????????????????????????????????? | | ???????????????????????????????????????????????? | | ???????????????????????????????????????????????? | +----------------------------------------------------+ Best States ------------- Heat Dissipation 97 Coolant Potential 65 Energy Generation 46 Energy Capacity 700 Matter Stores 300 Matter Capacity 300 Sight Range 22 Terrain Scan Range 20 Terrain Scan Density 1010 Jamming Range 12 Power Amplification 30 Additional Mass Support 9 Armor Coverage 450 Resistance: KI 20 Resistance: TH 25 Utility Shielding 66 Phase Shifting 5 Evasion (%) 55 Target Analysis 10 Armor Integrity Analysis 20 Matter Filtering 50 Particle Charging 20 Offensive Hacking 20 Defensive Hacking 12 Item Schematics ----------------- Humpback | -8/Materials | Scanalyzed Plasma Flamer | -8/Materials | Scanalyzed Combat Drone Bay | -6/Data Miner | Free Lgt. Regenerative Plating | -6/Data Miner | Free Exp. Cesium-ion Thruster | -6/Data Miner | Free Exp. Sensor Array | -6/Data Miner | Free Plasma Sword | -6/Data Miner | Free Robot Schematics ------------------ S-27 Virus | -6/Data Miner | Free G-50 Soldier | -6/Data Miner | Free G-67 Veteran | -6/Data Miner | Free L-41 Fighter | -6/Data Miner | Free X-72 Disruptor | -6/Data Miner | Free I-36 Angel | -6/Data Miner | Free I-47 Archangel | -6/Data Miner | Free Fabricated ------------ Humpback | x1 | -7/Factory Alien Tech Used ----------------- None Achievements -------------- None Challenges ------------ None Game ------ Seed CentriumGaussPick Manual? 0 Play Time 03:14:03 Cumulative 225.6 hours Start 2021.07.08 @ 11:52:58 End 2021.07.08 @ 15:34:41 Sessions 1 Manual Loads 0 Difficulty Rogue Special Mode None Game No. 129 Rogue 129 Adventurer 0 Explorer 0 Win Type - Total 3 Types 2/0/0/1/0/0/0/0/0 Lore% 64 Gallery% 75 Achievement% 52 Wizard Run 0 Options --------- ASCII 0 Keyboard 0 Movement Numpad Keybinds 0 Fullscreen 1 Font 18/SmallcapsGlow Map View 76x50 Tactical HUD 1 Map Filters NONE Filters NONE Steam 1 RUN: fdde4773-0f78-4f3c-ad4c-65782e20dc8a